 Dungeon Crawl Stone Soup version 0.28.0-53-g5a82cb258f (webtiles) character file.

Game seed: 10728594358152366281

16 SanguineChosen the Covered (level 2, -27/19 HPs)
             Began as a Gargoyle Fighter on July 1, 2022.
             Killed by an exploding kobold (29 damage)
             ... ignited by their inner flame
             ... on level 1 of the Dungeon.
             The game lasted 00:01:39 (524 turns).

SanguineChosen the Covered (Gargoyle Fighter)        Turns: 524, Time: 00:01:41

Health: -27/19     AC:  9    Str: 19    XL:     2   Next: 54%
Magic:  2/2        EV:  9    Int:  8    God:
Gold:   10         SH:  4    Dex:  9    Spells: 1/1 levels left

rFire   . . .      SeeInvis +   a - +0 flail
rCold   . . .      Faith    .   c - +0 buckler
rNeg    + . .      Spirit   .   b - +0 scale mail
rPois   ∞          Reflect  .   (no helmet)
rElec   +          Harm     .   (no cloak)
rCorr   .          Rampage  .   (no gloves)
Will    .....                   (no boots)
Stlth   ..........              (no amulet)
HPRegen 0.06/turn               e - ring of see invisible
MPRegen 0.08/turn               (no ring)

@: no status effects
A: sickness immunity, AC +2, negative energy resistance 1, electricity
resistance, torment resistance 1, petrification resistance
a: no special abilities


You were on level 1 of the Dungeon.
You visited 1 branch of the dungeon, and saw 1 of its levels.

You collected 10 gold pieces.

Inventory:

Hand Weapons
 a - a +0 flail (weapon)
Armour
 b - a +0 scale mail (worn)
 c - a +0 buckler (worn)
Jewellery
 e - a ring of see invisible (left hand)
Potions
 d - a potion of might


   Skills:
 + Level 3.6 Fighting
 + Level 2.1 Maces & Flails
 + Level 3.6 Armour
 + Level 3.4 Shields


You had one spell level left.
You didn't know any spells.
Your spell library was empty.

Dungeon Overview and Level Annotations

Branches:
Dungeon (1/15)

Altars:


Innate Abilities, Weirdness & Mutations

You are immune to sickness and miasma.
Your stone body is resilient. (AC +2)
You are immune to poison.
You resist negative energy. (rN+)
You are resistant to electric shocks. (rElec)
You are resistant to unholy torment.
You are immune to petrification.


Message History

The frilled lizard hisses.
You hit the frilled lizard.
You kill the frilled lizard!
You block the rat's attack.
You completely miss the rat. The rat closely misses you.
You hit the rat.
You kill the rat!
You block the ball python's attack. The ball python closely misses you.
You closely miss the ball python.
The ball python bites you but does no damage.
You block the ball python's attack.
You hit the ball python.
The ball python is severely wounded.
The ball python bites you but does no damage.
The ball python barely misses you.
The ball python bites you but does no damage.
The ball python grabs you. The ball python constricts you.
You barely miss the ball python.
The ball python is severely wounded.
You block the ball python's attack. The ball python constricts you.
You hit the ball python.
You kill the ball python!
You thump the goblin!
You kill the goblin!
You completely miss the kobold. The kobold hits you but does no damage.
The kobold hits you with a +0 club.
You hit the kobold.
The kobold is moderately wounded.
The kobold hits you with a +0 club.
* * * LOW HITPOINT WARNING * * *
As you read the scroll labelled MOEXOE LIGEHAE, it crumbles to dust.
The creatures around you are filled with an inner flame!
It was a scroll of immolation.
The kobold completely misses you.
You hit the kobold.
Flame seeps out of the kobold.
The kobold is severely wounded.
The kobold is engulfed in blazing flames.
The kobold explodes!
The fiery explosion engulfs you!!
Ouch! That really hurt!
You die...

##.#.# .....#
##.### .#.# .#)#
.#.# ### ####
...# ##.##
...#### .###
##...####.......
.#
####.?...§○@...#
.#
#........§######
## #.##.....##
#...#...##
###...##.##
####..)....##
..##.......#
#.##.......#
#.####...###...


There were no monsters in sight!

Vanquished Creatures
  An endoplasm (D:1)
  4 goblins (D:1)
  A hobgoblin (D:1)
  2 jackals (D:1)
  2 kobolds (D:1)
  3 ball pythons (D:1)
  A frilled lizard (D:1)
  2 rats (D:1)
16 creatures vanquished.

Notes
Turn   | Place    | Note
-------+----------+-------------------------------------------
     0 | D:1      | SanguineChosen the Gargoyle Fighter began the quest for the
                  | Orb.
     0 | D:1      | Reached XP level 1. HP: 14/14 MP: 1/1
   302 | D:1      | Reached XP level 2. HP: 12/19 MP: 2/2
   524 | D:1      | Killed by an exploding kobold... ignited by their inner
                  | flame

Illustrated notes

Levels and vault maps discovered:
D:1:      saegor_arrival_simple_b, layout_loops_cross,
          shapermc_ecumenical_altar_starsandcircs, kennysheep_decorative_pillar

Action                   || total
-------------------------++-------
Melee: Flail             ||    52
  Use: Scroll            ||     1
Armor: Scale mail        ||    40
Dodge: Dodged            ||    30
Block: Buckler           ||    23
